 Dungeon Crawl Stone Soup version 0.22.1-1-ga44c0e5 (webtiles) character file.

102 lysyklops the Grave Robber (level 4, -5/30 HPs)
             Began as a Demonspawn Necromancer on Sept 22, 2018.
             Slain by a river rat (7 damage)
             ... in a sewer.
             The game lasted 00:09:07 (2364 turns).

lysyklops the Grave Robber (Demonspawn Necromancer) Turns: 2364, Time: 00:09:08

Health: -5/30      AC:  2    Str:  8    XL:     4   Next: 50%
Magic:  4/8        EV: 13    Int: 18    God:
Gold:   75         SH:  0    Dex: 13    Spells: 3/8 levels left

rFire    . . .     SeeInvis .   f - +0 dagger
rCold    . . .     Gourm    .   (no shield)
rNeg     . . .     Faith    .   a - +0 robe
rPois    .         Spirit   .   (no helmet)
rElec    .         Reflect  .   (no cloak)
rCorr    .         Harm     .   (no gloves)
MR       .....                  (no boots)
Stlth    ++........             (no amulet)
HPRegen  0.10/turn              (no ring)
MPRegen  0.11/turn              (no ring)

@: lethally poisoned (-5 -> -19), very slightly contaminated
A: spiny 1
a: no special abilities


You were in a sewer.
You were not hungry.

You visited 1 branch of the dungeon, and saw 3 of its levels.
You also visited: Sewer.

You collected 75 gold pieces.

Inventory:

Hand Weapons
 f - a +0 dagger (weapon)
Armour
 a - a +0 robe (worn)
Scrolls
 b - a scroll of amnesia {unknown}
 e - a scroll of magic mapping {unknown}
 i - a scroll of fear {unknown}
 k - a scroll of blinking {unknown}
 l - a scroll of identify {unknown}
Potions
 d - 6 potions of curing {unknown}
 g - a potion of mutation {unknown}
 h - a potion of brilliance {unknown}
 m - 2 potions of heal wounds {unknown}
Comestibles
 c - a ration
 j - 4 chunks of flesh


   Skills:
 + Level 2.6 Dodging
 - Level 1.8 Stealth
 + Level 2.8 Spellcasting
 + Level 5.5 Necromancy


You had 3 spell levels left.
You knew the following spells:

 Your Spells              Type           Power        Failure   Level  Hunger
a - Pain                  Necr           ###.         1%          1    None
b - Animate Skeleton      Necr           N/A          1%          1    None
c - Vampiric Draining     Necr           ###.......   5%          3    ###....

Your spell library contained the following spells:

 Spells                   Type           Power        Failure   Level  Hunger
 Regeneration             Chrm/Necr      ##........   16%         3    ###....
 Animate Dead             Necr           N/A          17%         4    ####...


Dungeon Overview and Level Annotations

Branches:
Dungeon (3/15)

Altars:
Cheibriados
Nemelex Xobeh
Qazlal
Uskayaw


Innate Abilities, Weirdness & Mutations

You are partially covered in sharp spines.


Message History

The river rat is struck by your spines. The river rat misses you.
You see here an adder corpse.
Casting: Pain (safe; 1% risk of failure)
Confirm with . or Enter, or press ? or * to list all spells.
You attempt to give life to the dead...
Before your eyes, flesh is ripped from the corpse!
The dead are slithering!
The adder is struck by your spines. The adder closely misses you.
The rat bites you but does no damage. The adder barely misses you.
The river rat completely misses you.
You see here 2 chunks of flesh.
* * * LOW HITPOINT WARNING * * *
You feel sick.
Your kobold skeleton hits the river rat but does no damage.
The rat closely misses you. The adder bites you.
* * * LOW HITPOINT WARNING * * *
You are more poisoned.
The adder poisons you!
Your adder skeleton bites the rat.
The rat dies!
The river rat bites you!
You die...

##### ##..∩# ##### ###
#∩..#####..######...## ####
..######...##..#####......###..##
....#####.......##...............
......##.........................
..Z...Z.......................(.%
.≈.......................≈≈≈....≈
≈≈≈≈≈≈...≈≈≈...S....≈≈...≈≈≈≈≈≈≈≈
≈≈≈≈≈≈≈≈≈≈≈≈..Z.@Z..≈≈≈≈≈≈≈≈≈≈≈≈≈
≈≈≈≈≈≈≈≈≈≈≈≈≈≈.†r≈≈≈≈≈≈≈≈≈≈≈≈≈≈≈≈
≈≈≈≈≈≈≈≈≈≈≈≈≈≈r≈≈≈≈≈≈≈≈≈≈≈≈≈≈≈≈≈≈
≈≈≈≈≈≈≈≈≈≈≈≈≈≈≈r≈≈≈≈≈≈≈≈≈≈≈≈≈≈≈≈≈
≈≈≈≈≈≈≈≈≈≈≈≈≈≈rr.r.r≈≈≈≈≈≈≈≈≈≈≈≈≈
.≈..........≈≈..≈.≈≈≈≈≈≈
...........##....≈≈ ##........##
#.... ##.......#


You could see an adder, 2 river rats, 5 rats, a friendly adder skeleton and a
friendly kobold skeleton.

Vanquished Creatures
  An adder (Sewer)
  A worm (D:3)
  A dart slug (D:1)
  2 leopard geckos (D:1)
  An orc (D:3)
  2 ball pythons
  3 giant cockroaches
  4 goblins (D:1)
  8 hobgoblins
  5 jackals (D:2)
  13 kobolds
  A ball python zombie (D:2)
  3 bats
  2 frilled lizards
  13 rats
60 creatures vanquished.

Vanquished Creatures (collateral kills)
  A gnoll (D:1)
  An adder (D:2)
  2 dart slugs
  A hobgoblin (D:1)
  A jackal (D:2)
  2 kobolds
  A ball python (Sewer)
  A goblin (D:1)
  A rat (Sewer)
11 creatures vanquished.

Grand Total: 71 creatures vanquished

Notes
Turn   | Place    | Note
-------+----------+-------------------------------------------
     0 | D:1      | lysyklops the Demonspawn Necromancer began the quest for
                  | the Orb.
     0 | D:1      | Reached XP level 1. HP: 13/13 MP: 3/3
    67 | D:1      | Learned a level 1 spell: Animate Skeleton
   121 | D:1      | Gained mutation: You are partially covered in sharp spines.
                  | [demonic ancestry]
   121 | D:1      | Reached XP level 2. HP: 2/19 MP: 1/5
   485 | D:1      | Reached skill level 5 in Necromancy
   787 | D:1      | Reached XP level 3. HP: 15/24 MP: 2/6
  1490 | D:2      | Found a snail-covered altar of Cheibriados.
  1493 | D:2      | Found a sparkling altar of Nemelex Xobeh.
  1553 | D:2      | Found a hide-covered altar of Uskayaw.
  1705 | D:2      | Found a stormy altar of Qazlal.
  1813 | D:2      | Found a sparkling altar of Nemelex Xobeh.
  1827 | D:2      | Reached XP level 4. HP: 17/30 MP: 1/7
  2048 | D:2      | Learned a level 3 spell: Vampiric Draining
  2123 | D:3      | Found a glowing drain.
  2139 | Sewer    | Entered a sewer
  2364 | Sewer    | Slain by a river rat

Skill      XL: |  1  2 |
---------------+-------+-----
Necromancy     | 5 |  5.5
Dodging        | 2 |  2.6
Stealth        | |  1.8
Spellcasting   | |  2.8

Action                   |  1- 3 |  4- 6 || total
-------------------------+-------+-------++-------
Melee: Unarmed           |     7 |       ||     7
       Dagger            |     6 |    26 ||    32
 Cast: Pain              |    65 |    17 ||    82
       Animate Skeleton  |    19 |    11 ||    30
 Stab: Distracted        |       |     1 ||     1
  Eat: Chunk             |     3 |     2 ||     5
Armor: Robe              |     2 |     7 ||     9
Dodge: Dodged            |    12 |    25 ||    37
